 Dungeon Crawl Stone Soup version 0.30-a0-760-g5a9884bb7c (webtiles) character file.

Game seed: 7791270575586997203

5977 mistaj the Nimble (level 10, -20/90 HPs)
             Began as a Merfolk Gladiator on Feb 10, 2023.
             Was a Priest of Makhleb.
             Killed from afar by a ynoxinul (25 damage)
             ... with an iron shot
             ... summoned by an orc high priest
             ... in a bailey.
             The game lasted 00:17:52 (10448 turns).

mistaj the Nimble (Merfolk Gladiator)              Turns: 10448, Time: 00:17:52

Health: -20/90     AC: 14    Str: 16    XL:     10   Next: 84%
Magic:  10/10      EV:  8    Int:  9    God:    Makhleb [***...]
Gold:   221        SH:  0    Dex: 17    Spells: 9/9 levels left

rFire   + . .      SeeInvis +    a - +1 trident
rCold   . . .      Faith    .    (no shield)
rNeg    . . .      Spirit   .    x - +2 plate armour {Will+}
rPois   .          Reflect  .    n - +1 helmet
rElec   .          Harm     .    (no cloak)
rCorr   .          Rampage  .    (no gloves)
Will    +....                    (no boots) Stlth
                                 o - amulet of the acrobat
HPRegen 0.35/turn                i - ring of flight
MPRegen 0.12/turn                r - ring of Ywororam {rF+ SInv Stlth+}

@: lethally poisoned (-20 -> -49), flying, studying Fighting
A: (nimble swimmer 2), mertail
a: Renounce Religion, Minor Destruction, Lesser Servant of Makhleb


You were in a bailey.
You worshipped Makhleb.
Makhleb was most pleased with you.
You visited 2 branches of the dungeon, and saw 9 of its levels.
You also visited: Bailey.

You collected 602 gold pieces.
You spent 381 gold pieces at shops.

Inventory:

Hand Weapons
 a - a +1 trident (weapon)
 j - a +0 hand axe of flaming
Missiles
 d - 4 throwing nets (quivered)
 e - a javelin
Armour
 n - a +1 helmet (worn)
 x - a +2 plate armour of willpower (worn)
 A - the +0 robe of the Lich-sworn {rF+++ Will+ rCorr Str-2}
   (You found it on level 8 of the Dungeon)

   Str:       It affects your strength (-2).
   rF:        It renders you almost immune to fire.
   rCorr:     It protects you from acid and corrosion.
   Will:      It increases your willpower.
Jewellery
 i - a ring of flight (left hand)
 o - an amulet of the acrobat (around neck)
 r - the ring of Ywororam (right hand) {rF+ SInv Stlth+}
   (You bought it in a shop on level 4 of the Dungeon)

   [ring of see invisible]

   rF:        It protects you from fire.
   SInv:      It lets you see invisible.
   Stlth:     It makes you more stealthy.
Wands
 m - a wand of acid (9)
 t - a wand of iceblast (28)
Scrolls
 f - a scroll of immolation
 g - 2 scrolls of amnesia
 l - 2 scrolls of teleportation
 p - a scroll of enchant weapon
 y - a scroll of silence {unknown}
Potions
 b - 5 potions of curing
 c - a potion of cancellation
 h - a potion of haste
 k - a potion of attraction
 q - a potion of ambrosia
 s - a potion of mutation {unknown}
 u - a potion of might
 v - a potion of lignification
 w - a potion of brilliance {unknown}
 z - a potion of berserk rage {unknown}


   Skills:
 + Level 12.4 Fighting
 + Level 12.6 Polearms
 - Level 2.0 Throwing
 + Level 12.6 Dodging


You had 9 spell levels left.
You didn't know any spells.
Your spell library contained the following spells:

 Spells                   Type           Power      Damage    Failure   Level
 Beastly Appendage        Tmut           0%         N/A       100%        1
 Sandblast                Erth           0%         2d4       100%        1
 Passwall                 Tmut/Erth      0%         N/A       100%        2
 Call Canine Familiar     Summ           0%         N/A       100%        3
 Stone Arrow              Conj/Erth      0%         3d7       100%        3
 Petrify                  Tmut/Erth      0%         N/A       100%        4
 Metabolic Englaciation   Hex/Ice        0%         N/A       100%        5
 Statue Form              Tmut/Erth      0%         N/A       100%        6
 Monstrous Menagerie      Summ           0%         N/A       100%        7


Dungeon Overview and Level Annotations

Branches:
Dungeon (8/15)             Temple (1/1) D:4          Bailey (1/1)
   Lair: D:8-11

Altars:
Ashenzari
Cheibriados
Fedhas
Gozag
Hepliaklqana
Kikubaaqudgha
Makhleb
Nemelex Xobeh
Okawaru
Trog
Wu Jian
The Shining One

Shops:
D:4 =   D:5 =

Annotations:
D:5 3 runed translucent doors, Dittersdorf's ghost, novice GrFi; baller8008's ghost, novice DECj; elongatedgoose's ghost, amateur TrFi


Innate Abilities, Weirdness & Mutations

((You are very nimble when in or above water. (Stealth+, EV+, Speed+++)))
Your lower body shifts to a powerful aquatic tail in water.


Message History

The orc high priest is heavily wounded.
The orange demon completely misses you.
The orange demon hits you but does no damage.
The orc high priest utters an invocation to Beogh.
You hit the orc high priest.
The orc high priest is heavily wounded.
The orange demon stings you!
You are poisoned.
The orange demon poisons you! The orange demon hits you.
You barely miss the orc high priest.
The orc high priest is heavily wounded.
You feel very sick.
The ynoxinul gestures.
The orc high priest hits you but does no damage.
You puncture the orc high priest!
The orc high priest is severely wounded.
You feel very sick. The ice devil hits you. The ice devil freezes you!
The orange demon barely misses you. The orange demon hits you.
The ynoxinul gestures at you. The iron shot hits you.
The orc high priest hits you but does no damage.
The ufetubus hits you. The ufetubus barely misses you.
You hit the orc high priest.
The orc high priest is severely wounded.
You feel very sick. The ice devil hits you. The ice devil freezes you!
* * * LOW HITPOINT WARNING * * *
The orange demon stings you.
* * * LOW HITPOINT WARNING * * *
You are more poisoned.
The orange demon poisons you! The orange demon barely misses you.
The ufetubus closely misses you. The ufetubus barely misses you.
You closely miss the orc high priest.
The orc high priest is severely wounded.
* * * LOW HITPOINT WARNING * * *
You feel very sick. The ynoxinul gestures at you. The iron shot hits you!!
You die...

#....#.......#.....'....#≈≈≈≈≈#
#... #.8.8.8.'.....#..))#≈≈≈≈≈#
######...##############.#≈≈≈≈≈#
~.#..)...# +:!#.)≈≈≈≈≈#
~.#..)...#. #!!#.~≈≈≈≈≈#
~.#')#####.. #..#)~≈≈≈≈≈#
~.#.....##... #########.~≈≈≈≈≈#
.)).....##....#3.8.8..#.~≈≈≈≈≈#
.)'..⌠..##.._55o@5.....∩)≈≈≈≈≈#
.)'.....##....#448.8..#.~≈≈≈≈≈#
~.#..)..##... #########.~≈≈≈≈≈#
~.#')#####.. #..#.~≈≈≈≈≈#
~.#......#. #..#.~≈≈≈≈≈#
~.#......# #.'..#.~≈≈≈≈≈#
######...##############.#≈≈≈≈≈#
#....#.8.8.8.).....#....#≈≈≈≈≈#
#....#......)#.....')...#≈≈≈≈≈#


You could see an orc high priest, an orange demon (summoned), an ice devil
(summoned), a ynoxinul (summoned) and 3 ufetubi.

Vanquished Creatures
  An orc knight (Bailey)
  A kobold demonologist (Bailey)
  A slime creature (D:5)
  2 yaks (D:7)
  4 water moccasins
  An ice beast (D:7)
  10 orc warriors
  A sky beast (D:5)
  An ogre (D:5)
  A black bear (D:4)
  3 centaurs
  Blork the orc (D:5)
  4 kobold brigands (D:5)
  2 necrophages
  6 bullfrogs
  2 scorpions
  7 wights
  9 killer bees
  5 electric eels (Bailey)
  2 howler monkeys (D:8)
  2 jellies (D:5)
  5 hounds
  A gnoll bouda (D:4)
  Jessica (D:3)
  5 iguanas
  4 orc wizards
  Robin (D:2)
  8 gnolls
  10 adders
  3 white imps
  2 ufetubi
  A worm (D:3)
  3 dart slugs
  26 orcs
  9 endoplasms
  32 goblins
  20 hobgoblins
  2 quokkas (D:1)
  2 ball pythons
  5 bats
  3 frilled lizards (D:2)
  7 kobolds
  6 rats
  A spectral goblin (D:7)
223 creatures vanquished.

Vanquished Creatures (others)
  A goblin (D:2)
  A fungus (D:5)
  8 toadstools (D:5)
  3 withered plants (D:5)
13 creatures vanquished.

Grand Total: 236 creatures vanquished

Notes
Turn   | Place    | Note
-------+----------+-------------------------------------------
     0 | D:1      | mistaj the Merfolk Gladiator began the quest for the Orb.
     0 | D:1      | Reached XP level 1. HP: 16/16 MP: 1/1
   182 | D:1      | Reached XP level 2. HP: 23/23 MP: 2/2
   649 | D:1      | Reached XP level 3. HP: 26/28 MP: 3/3
   917 | D:2      | Noticed Robin
   925 | D:2      | Reached XP level 4. HP: 32/35 MP: 4/4
  1031 | D:1      | Reached skill level 5 in Polearms
  1131 | D:2      | Reached skill level 5 in Dodging
  1138 | D:2      | Killed Robin
  1598 | D:2      | Identified the +10 dagger of Sixu {freeze, rC+}
  1830 | D:3      | Found a burning altar of Makhleb.
  1852 | D:3      | Became a worshipper of Makhleb the Destroyer
  1932 | D:3      | Reached XP level 5. HP: 37/41 MP: 5/5
  2112 | D:3      | Noticed Jessica
  2116 | D:3      | Killed Jessica
  2207 | D:3      | Found a glowing golden altar of the Shining One.
  2639 | D:4      | Reached XP level 6. HP: 28/48 MP: 6/6
  3127 | D:4      | Found a staircase to the Ecumenical Temple.
  3141 | D:4      | Noticed a black bear
  3163 | D:4      | Killed a black bear
  3242 | D:4      | Found Ecakytz's Jewellery Shoppe.
  3251 | D:4      | Found a blossoming altar of Fedhas.
  3253 | D:4      | Found a bloodstained altar of Trog.
  3617 | D:4      | Found an opulent altar of Gozag.
  3674 | D:5      | Entered Level 5 of the Dungeon
  3683 | D:5      | Reached skill level 5 in Fighting
  3683 | D:5      | Reached XP level 7. HP: 50/56 MP: 7/7
  3811 | D:5      | Noticed Blork the orc
  3823 | D:5      | Killed Blork the orc
  3862 | D:5      | Found Qykott's Jewellery Emporium.
  3883 | D:5      | Reached * piety under Makhleb
  3950 | D:5      | Found a runed translucent gate.
  3950 | D:5      | Found a runed translucent gate.
  3951 | D:5      | Found a runed translucent gate.
  3953 | D:5      | Noticed elongatedgoose's ghost (amateur TrFi)
  3953 | D:5      | Noticed baller8008's ghost (novice DECj)
  3953 | D:5      | Noticed Dittersdorf's ghost (novice GrFi)
  3964 | D:5      | Reached XP level 8. HP: 63/64 MP: 8/8
  4421 | D:5      | Found a broken altar of Ashenzari.
  4612 | D:5      | Noticed a slime creature
  4640 | D:5      | Killed a slime creature
  5335 | D:5      | Reached XP level 9. HP: 64/71 MP: 9/9
  5369 | D:6      | Reached ** piety under Makhleb
  5686 | D:6      | Got the Almanac of Amassed Sculpting
  5742 | D:6      | Found an ancient bone altar of Kikubaaqudgha.
  6135 | D:6      | Found a sparkling altar of Nemelex Xobeh.
  6332 | D:4      | Bought the ring of Ywororam {rF+ SInv Stlth+} for 381 gold
                  | pieces
  6356 | Temple   | Entered the Ecumenical Temple
  6474 | D:7      | Reached skill level 10 in Dodging
  6580 | D:7      | Reached skill level 10 in Polearms
  7509 | D:7      | Found a snail-covered altar of Cheibriados.
  7617 | D:7      | Reached skill level 10 in Fighting
  7661 | D:7      | Noticed a manticore
  7798 | D:7      | Found an iron altar of Okawaru.
  7851 | D:7      | Found a hazy altar of Hepliaklqana.
  7942 | D:8      | Reached XP level 10. HP: 84/85 MP: 10/10
  8429 | D:8      | Identified the +0 robe of the Lich-sworn {rF+++ Will+ rCorr
                  | Str-2}
  8577 | D:8      | Found a flagged portal.
  8590 | Bailey   | Entered a bailey
  8618 | Bailey   | Reached *** piety under Makhleb
  8971 | Bailey   | Noticed a kobold demonologist
  8996 | Bailey   | Noticed an orange demon
  8997 | Bailey   | Killed a kobold demonologist
  9546 | Bailey   | Noticed an orc knight
 10090 | Bailey   | Killed an orc knight
 10194 | Bailey   | Found an iron altar of Okawaru.
 10196 | Bailey   | Noticed an orc high priest
 10200 | Bailey   | Noticed a smoke demon
 10442 | Bailey   | Noticed an orange demon
 10448 | Bailey   | Killed from afar by a ynoxinul

Illustrated notes

Levels and vault maps discovered:
D:1:      dpeg_arrival_renting, layout_basic
D:2:      layout_loops_cross, kennysheep_generic_room_9, uniq_robin
D:3:      minmay_chambers_of_threes, layout_loops_cross,
          mainiacjoe_overflow_concentric_impassable, lemuel_doored_altar,
          uniq_jessica
D:4:      layout_basic, nicolae_overflow_hidden_temple, amcnicky_altar_gilded,
          minmay_temple_entry_hall, serial_shops, shop, dk_noncrumbling_2
D:5:      cheibrodos_fertilizer, layout_rooms,
          mainiacjoe_overflow_cross_hatched, serial_shops, nicolae_shop_crystal,
          gammafunk_ghost_cemetery, solitary_fountain, uniq_blork_the_orc
D:6:      layout_loops_ring, mainiacjoe_overflow_six_doors_small,
          nemelex_spade_bored_becter, minmay_manual_monstrance
D:7:      layout_rooms, kennysheep_okawaru_gauntlet,
          mainiacjoe_overflow_alcove_4, nicolae_hepliaklqana_monster_ancestors,
          lightli_corner_chamber
D:8:      layout_basic, enter_bailey_3, serial_shops,
          nicolae_shop_bloodbath_and_beyond
Temple:   hellmonk_temple_flake
Bailey:   bailey_axe_of_yendor_kennysheep, bailey

Skill      XL: |  1  2  3  4  5  6  7  8  9 10 |
---------------+-------------------------------+-----
Fighting       | 3 4 5 7 10 12 | 12.4
Polearms       | 5 6 7 9 11 12 | 12.6
Dodging        | 5 6 7 9 11 12 | 12.6
Throwing       | |  2.0

Action                     |  1- 3 |  4- 6 |  7- 9 | 10-12 || total
---------------------------+-------+-------+-------+-------++-------
  Melee: Trident           |    88 |   206 |   454 |   372 ||  1120
         Punch             |       |     3 |     8 |     4 ||    15
    Use: Scroll            |       |     9 |     8 |       ||    17
         Potion            |       |       |     1 |     1 ||     2
   Stab: Sleeping          |       |     1 |       |       ||     1
 Armour: Leather armour    |     5 |       |       |       ||     5
         Ring mail         |    11 |    71 |    13 |       ||    95
         Plate armour      |       |       |   219 |    97 ||   316
  Dodge: Dodged            |    46 |   176 |   203 |   124 ||   549

Table legend: (Time is in decaauts)
 A = Elapsed time spent in this place.
 B = Non-inter-level travel time spent in this place.
 C = Inter-level travel time spent in this place.
 D = Time resting spent in this place.
 E = Time spent auto-exploring this place.
 F = Levels seen in this place.
 G = Mean time per level.
                   A        B        C        D        E       F      G
               +--------+--------+--------+--------+--------+-----+--------+
         Total |  10192 |   9858 |    334 |   3746 |   3676 |  10 | 1019.2 |
       Dungeon |   8498 |   8164 |    334 |   2654 |   3674 |   8 | 1062.2 |
        Temple |      7 |      7 |      0 |      0 |      2 |   1 |    7.0 |
        Bailey |   1686 |   1686 |      0 |   1092 |      0 |   1 | 1686.0 |
               +--------+--------+--------+--------+--------+-----+--------+

Top non-repeatable levels by time:
  Bailey: 1686 daAuts
     D:5: 1570 daAuts
     D:6: 1531 daAuts
     D:7: 1260 daAuts
     D:4: 1061 daAuts
     D:3: 984 daAuts
     D:1: 911 daAuts
     D:2: 880 daAuts
     D:8: 299 daAuts
  Temple: 7 daAuts
